 Dungeon Crawl Stone Soup version 0.13-a0-2942-g3a822f8 (webtiles) character file.

113 4tharraofdagon the Ruffian (level 3, -8/22 HPs)
             Began as a Gargoyle Monk on Sept 5, 2013.
             Was a Believer of the Shining One.
             Killed by an exploding giant spore (30 damage)
             ... on Level 7 of the Dungeon.
             The game lasted 00:02:43 (653 turns).

4tharraofdagon the Ruffian (Gargoyle Monk)           Turns: 653, Time: 00:02:43

HP  -8/22        AC  5     Str 15      XL: 3   Next: 60%
MP   2/2         EV 12     Int 10      God: the Shining One [**....]
Gold 69          SH  0     Dex 12      Spells:  1 memorised,  0 levels left

Res.Fire  : . . .   See Invis. : .     - Unarmed
Res.Cold  : . . .   Warding    : .   a - +0 robe
Life Prot.: + + .   Conserve   : .   (no shield)
Res.Poison: +       Res.Corr.  : .   (no helmet)
Res.Elec. : +       Clarity    : .   (no cloak)
Sust.Abil.: . .     Spirit.Shd : .   (no gloves)
Res.Mut.  : .       Stasis     : .   (no boots)
Res.Rott. : +       Flight     : .   (no amulet)
Saprovore : . . .                    (no ring)
                                     (no ring)

@: glowing, not resistant to hostile enchantments, very unstealthy
A: fangs 1, talons 2, life protection 1, electricity resistance, slow metabolism
1, unbreathing, petrification resistance, AC +3
a: Divine Shield, Renounce Religion


You were on level 7 of the Dungeon.
You worshipped the Shining One. the Shining One was most pleased with you.
You were not hungry.

You visited 1 branch of the dungeon, and saw 7 of its levels.

You collected 69 gold pieces.

Inventory:

Armour
 a - a +0 robe (worn)
Comestibles
 b - 3 bread rations
 l - a rotting chunk of bat flesh
 n - a choko
 o - a meat ration
Scrolls
 c - 2 scrolls of identify {unknown}
 e - 2 scrolls of recharging {unknown}
 f - a scroll of remove curse {unknown}
 g - a scroll of teleportation {unknown}
 h - a scroll of amnesia {unknown}
 j - a scroll of fog {unknown}
Potions
 d - a potion of mutation {unknown}
 i - 4 potions of curing {unknown}
 k - a potion of heal wounds {unknown}
Books
 p - a book of Air

   Spells                             Type                      Level
   Shock                              Conjuration/Air              1
   *Swiftness                         Charms/Air                   2
   Repel Missiles                     Charms/Air                   2
   Flight                             Charms/Air                   3
   Static Discharge                   Conjuration/Air              3
   Lightning Bolt                     Conjuration/Air              5


   Skills:
 + Level 3.9 Fighting
 - Level 2.4 Dodging
 - Level 2.1 Stealth
 * Level 5.3 Unarmed Combat
 + Level 0.0 Spellcasting


You couldn't memorise any spells.
You knew the following spells:

 Your Spells              Type           Power        Failure   Level  Hunger
a - Swiftness             Chrm/Air       #.........   61%         2    ###....


Dungeon Overview and Level Annotations

Branches:
Dungeon (7/27)
 Temple: D:4-7          Orc: D:6-11

Altars:
Ashenzari
the Shining One


Innate Abilities, Weirdness & Mutations

You are resistant to torment.
You are immune to poison.
Your stone body is very resilient (AC +3).
You have very sharp teeth.
You have razor-sharp toenails.
You resist negative energy.
You are resistant to electric shocks.
You have a slow metabolism.
You can survive without breathing.
You are immune to petrification.


Message History

You kneel at the altar of the Shining One.
The Shining One welcomes you!
You and your allies can gain power from killing the unholy and evil.
A divine halo surrounds you!
You can now call upon the Shining One for a divine shield.
There is an open door here.
Found an escape hatch in the floor.
Found a pink potion.
i - 4 pink potions (gained 1)
A giant spore comes into view.
You open the door.
You aren't carrying any items that can be evoked.
Read which item? (? for menu, Esc to quit)
As you read the scroll labeled SCHYB TRY ROAR, it crumbles to dust.
Use on which item? (\ to view known items) (? for menu, Esc to quit)
Nothing appears to happen.
The giant spore explodes!
The explosion of spores engulfs you!
Ouch! That really hurt!
You die...

# ## # #..## .# #.
#..########'#### .##
##........@....#
##...##.............#
##..#..##..............
#..#.#..##..........#..
#._.#..###.......># .
#..#.#..##...########
##..#..##..###
##...'#..##
#..##.##....#


There were no monsters in sight!

Vanquished Creatures
  Ijyb (D:2)
  A bat (D:3)
  4 hobgoblins
  8 jackals
  5 giant newts
  2 goblins
  5 kobolds
26 creatures vanquished.

Notes
Turn   | Place    | Note
--------------------------------------------------------------
     0 | D:1      | 4tharraofdagon, the Gargoyle Monk, began the quest for the Orb.
     0 | D:1      | Reached XP level 1. HP: 12/12 MP: 0/0
   114 | D:1      | Reached XP level 2. HP: 12/17 MP: 1/1
   195 | D:2      | Noticed Ijyb
   204 | D:2      | Killed Ijyb
   204 | D:2      | Reached skill level 5 in Unarmed Combat
   204 | D:2      | Reached XP level 3. HP: 15/22 MP: 2/2
   484 | D:3      | Found a shattered altar of Ashenzari.
   489 | D:3      | Saw a vision of the Shoals and the Snake Pit.
   489 | D:3      | Noticed a hippogriff
   489 | D:3      | Noticed a mermaid
   489 | D:3      | Noticed a hippogriff
   489 | D:3      | Noticed a naga warrior
   489 | D:3      | Noticed a water moccasin
   489 | D:3      | Noticed a naga
   490 | D:3      | Noticed a merfolk
   491 | D:3      | Noticed a merfolk
   491 | D:3      | Noticed a naga warrior
   493 | D:3      | Noticed a mermaid
   544 | D:5      | Entered Level 5 of the Dungeon
   544 | D:5      | Noticed a sky beast
   554 | D:5      | You fall through a shaft!
   579 | D:6      | Learned a level 2 spell: Swiftness
   629 | D:7      | Found a glowing golden altar of the Shining One.
   634 | D:7      | Became a worshipper of the Shining One
   634 | D:7      | Acquired the Shining One's first power
   634 | D:7      | Acquired the Shining One's second power
   653 | D:7      | Killed by an exploding giant spore

Action                   || total
-------------------------++-------
Melee: Unarmed           ||    71
  Use: Scroll            ||     1
 Stab: Sleeping          ||     2
